[Event "World Senior chT-50 2019"]
[Site "Rhodes"]
[Date "2019.04.24"]
[Round "9.2"]
[White "Novikov, Igor"]
[Black "Garbarino, Rodolfo"]
[Result "1/2-1/2"]
[ECO "D52"]
[WhiteElo "2563"]
[BlackElo "2335"]
[Annotator "ChessBase"]
[PlyCount "26"]
[EventDate "2019.04.16"]
[EventType "team-tourn"]
[EventCountry "GRE"]
[SourceTitle "playchess.com"]
[Source "ChessBase"]
[SourceQuality "1"]
[WhiteTeam "United States"]
[BlackTeam "Argentina"]
[WhiteTeamCountry "USA"]
[BlackTeamCountry "ARG"]
[TimeControl "40/5400+30:1800+30"]

1. d4 d5 2. c4 e6 3. Nf3 Nf6 4. Nc3 Nbd7 5. Bg5 c6 6. e3 Qa5 7. Nd2 Bb4 8. Qc2 O-O 9. Be2 e5 10. O-O exd4 11. Nb3 Qb6 12. exd4 dxc4 13. Bxc4 a5 1/2-1/2

[Event "World Senior chT-50 2019"]
[Site "Rhodes"]
[Date "2019.04.24"]
[Round "9.3"]
[White "Llanos, Guillermo"]
[Black "Ehlvest, Jaan"]
[Result "1/2-1/2"]
[ECO "A49"]
[WhiteElo "2293"]
[BlackElo "2521"]
[Annotator "ChessBase"]
[PlyCount "31"]
[EventDate "2019.04.16"]
[EventType "team-tourn"]
[EventCountry "GRE"]
[SourceTitle "playchess.com"]
[Source "ChessBase"]
[SourceQuality "1"]
[WhiteTeam "Argentina"]
[BlackTeam "United States"]
[WhiteTeamCountry "ARG"]
[BlackTeamCountry "USA"]
[TimeControl "40/5400+30:1800+30"]

1. Nf3 d6 2. g3 g6 3. Bg2 Bg7 4. O-O Nf6 5. d4 O-O 6. Re1 Ne4 7. c3 c6 8. Nbd2 Nxd2 9. Qxd2 Nd7 10. e4 e5 11. dxe5 dxe5 12. Qc2 a5 13. a4 Nc5 14. Be3 Qe7 15. Nd2 Be6 16. Bf1 1/2-1/2

[Event "World Senior chT-50 2019"]
[Site "Rhodes"]
[Date "2019.04.24"]
[Round "9.4"]
[White "Yermolinsky, Alex"]
[Black "Grushka, Carlos"]
[Result "1-0"]
[ECO "A16"]
[WhiteElo "2508"]
[BlackElo "2251"]
[Annotator "RC"]
[PlyCount "85"]
[EventDate "2019.04.16"]
[EventType "team-tourn"]
[EventCountry "GRE"]
[SourceTitle "playchess.com"]
[Source "ChessBase"]
[SourceQuality "1"]
[WhiteTeam "United States"]
[BlackTeam "Argentina"]
[WhiteTeamCountry "USA"]
[BlackTeamCountry "ARG"]
[TimeControl "40/5400+30:1800+30"]

1. Nf3 Nf6 2. c4 g6 3. Nc3 d5 4. Qa4+ c6 5. cxd5 Nxd5 6. Qd4 f6 7. e4 Nxc3 8. Qxd8+ Kxd8 9. bxc3 e5 10. Bc4 Nd7 11. d4 Bd6 12. O-O Re8 13. Re1 b5 14. Bf7 Re7 15. Bb3 Bb7 16. a4 c5 17. dxe5 Nxe5 18. axb5 Kc7 19. Be3 Ng4 20. Bd5 Nxe3 21. Rxe3 a5 22. bxa6 Rxa6 23. Rxa6 Bxa6 24. c4 Bb7 25. g3 Bxd5 26. exd5 Rxe3 27. fxe3 Bf8 28. g4 Kd6 29. Kf2 f5 30. gxf5 gxf5 31. Ng5 h5 32. Ne6 Be7 33. Ng7 Ke5 34. Nxh5 Ke4 35. Ke2 Bd6 36. Ng3+ Ke5 37. Kf3 Bf8 38. Ne2 Be7 39. Nf4 Bg5 40. h4 Bh6 41. Nd3+ Kd6 42. h5 Bg5 43. e4 {[%emt 0:00:13] Kxd5 [%emt 00:00:47]} 1-0

[Event "World Senior chT-50 2019"]
[Site "Rhodes"]
[Date "2019.04.24"]
[Round "9.6"]
[White "Minasian, Artashes"]
[Black "Garcia Palermo, Carlos"]
[Result "1-0"]
[ECO "A29"]
[WhiteElo "2472"]
[BlackElo "2407"]
[Annotator "ChessBase"]
[PlyCount "75"]
[EventDate "2019.04.16"]
[EventType "team-tourn"]
[EventCountry "GRE"]
[SourceTitle "playchess.com"]
[Source "ChessBase"]
[SourceQuality "1"]
[WhiteTeam "Armenia"]
[BlackTeam "Italy"]
[WhiteTeamCountry "ARM"]
[BlackTeamCountry "ITA"]
[TimeControl "40/5400+30:1800+30"]

1. g3 e5 2. c4 Nf6 3. Bg2 d5 4. cxd5 Nxd5 5. Nc3 Nb6 6. Nf3 Nc6 7. O-O Be7 8. d3 O-O 9. Be3 Re8 10. a4 a5 11. Rc1 Bf8 12. d4 exd4 13. Nxd4 Nxd4 14. Qxd4 Qxd4 15. Bxd4 c5 16. Be3 Nc4 17. Bf4 Nxb2 18. Rc2 Nc4 19. Nd5 Na3 20. Rc3 c4 21. Nc7 Bd7 22. Nxa8 Rxa8 23. Ra1 Bxa4 24. Rcxa3 Bxa3 25. Rxa3 Bb3 26. Bxb7 Ra7 27. Bd5 a4 28. e4 h6 29. h4 Rd7 30. Kf1 Kf8 31. Ke2 f5 32. f3 fxe4 33. fxe4 Ke7 34. Be5 g5 35. hxg5 hxg5 36. Ke3 Kf8 37. Bc3 Rh7 38. e5 1-0

[Event "World Senior chT-50 2019"]
[Site "Rhodes"]
[Date "2019.04.24"]
[Round "9.7"]
[White "Bellia, Fabrizio"]
[Black "Movsziszian, Karen"]
[Result "1/2-1/2"]
[ECO "B00"]
[WhiteElo "2447"]
[BlackElo "2485"]
[Annotator "ChessBase"]
[PlyCount "80"]
[EventDate "2019.04.16"]
[EventType "team-tourn"]
[EventCountry "GRE"]
[SourceTitle "playchess.com"]
[Source "ChessBase"]
[SourceQuality "1"]
[WhiteTeam "Italy"]
[BlackTeam "Armenia"]
[WhiteTeamCountry "ITA"]
[BlackTeamCountry "ARM"]
[TimeControl "40/5400+30:1800+30"]

1. e4 Nc6 2. Nc3 Nf6 3. d4 d5 4. e5 Nd7 5. Nf3 Nb6 6. Be2 Bg4 7. h3 Bxf3 8. Bxf3 e6 9. O-O Be7 10. Ne2 h5 11. Nf4 g6 12. a4 a5 13. c3 Qd7 14. b3 O-O-O 15. Be3 Kb8 16. Qe2 Rhg8 17. Bd2 Rde8 18. Qd3 Ref8 19. Rfe1 f5 20. exf6 Rxf6 21. Qe2 Nd8 22. Nd3 Nf7 23. Ne5 Nxe5 24. Qxe5 Re8 25. Re2 Bd8 26. Rae1 Rf5 27. Qg3 Qf7 28. Re5 Rxe5 29. Qxe5 Nd7 30. Qf4 Qxf4 31. Bxf4 Kc8 32. Bd1 Bf6 33. Bc2 g5 34. Bd2 h4 35. Bf5 Nf8 36. f4 gxf4 37. Bxf4 Kd7 38. Bd3 Rc8 39. Be5 Bg5 40. c4 c6 1/2-1/2

[Event "World Senior chT-50 2019"]
[Site "Rhodes"]
[Date "2019.04.24"]
[Round "9.8"]
[White "Petrosian, Arshak B"]
[Black "Bruno, Fabio"]
[Result "1/2-1/2"]
[ECO "A07"]
[WhiteElo "2470"]
[BlackElo "2433"]
[Annotator "ChessBase"]
[PlyCount "61"]
[EventDate "2019.04.16"]
[EventType "team-tourn"]
[EventCountry "GRE"]
[SourceTitle "playchess.com"]
[Source "ChessBase"]
[SourceQuality "1"]
[WhiteTeam "Armenia"]
[BlackTeam "Italy"]
[WhiteTeamCountry "ARM"]
[BlackTeamCountry "ITA"]
[TimeControl "40/5400+30:1800+30"]

1. Nf3 d5 2. g3 c6 3. Bg2 Nf6 4. O-O Bf5 5. d3 h6 6. Nbd2 e6 7. Qe1 Be7 8. e4 Bh7 9. Qe2 O-O 10. Ne5 Nbd7 11. Nxd7 Qxd7 12. f4 Qc7 13. g4 Rfe8 14. Kh1 Nd7 15. Nf3 dxe4 16. dxe4 Nc5 17. Ne1 a5 18. Nd3 Nxd3 19. Qxd3 Rad8 20. Qf3 Rd4 21. f5 exf5 22. exf5 Bg5 23. Bxg5 hxg5 24. Rae1 Red8 25. Re4 Rxe4 26. Qxe4 f6 27. Re1 Kf8 28. Bf1 Bg8 29. Bc4 Bxc4 30. Qxc4 Qd6 31. Qe4 1/2-1/2

[Event "World Senior chT-50 2019"]
[Site "Rhodes"]
[Date "2019.04.24"]
[Round "9.9"]
[White "Soffer, Ram"]
[Black "Olafsson, Helgi"]
[Result "1/2-1/2"]
[ECO "A28"]
[WhiteElo "2486"]
[BlackElo "2506"]
[Annotator "ChessBase"]
[PlyCount "41"]
[EventDate "2019.04.16"]
[EventType "team-tourn"]
[EventCountry "GRE"]
[SourceTitle "playchess.com"]
[Source "ChessBase"]
[SourceQuality "1"]
[WhiteTeam "Israel"]
[BlackTeam "Iceland"]
[WhiteTeamCountry "ISR"]
[BlackTeamCountry "ISL"]
[TimeControl "40/5400+30:1800+30"]

1. c4 Nf6 2. Nc3 e5 3. Nf3 Nc6 4. e3 Bb4 5. Qc2 d6 6. Be2 O-O 7. O-O Bg4 8. Nd5 Re8 9. d3 Bc5 10. Bd2 Nxd5 11. cxd5 Ne7 12. Qc4 Bh5 13. Qh4 Bg6 14. e4 c6 15. dxc6 Nxc6 16. Qxd8 Rexd8 17. Rac1 f6 18. Be3 b6 19. a3 a5 20. Rc3 a4 21. Rfc1 1/2-1/2

[Event "World Senior chT-50 2019"]
[Site "Rhodes"]
[Date "2019.04.24"]
[Round "9.12"]
[White "Thorhallsson, Throstur"]
[Black "Gruenfeld, Yehuda"]
[Result "1-0"]
[ECO "B55"]
[WhiteElo "2425"]
[BlackElo "2428"]
[Annotator "ChessBase"]
[PlyCount "57"]
[EventDate "2019.04.16"]
[EventType "team-tourn"]
[EventCountry "GRE"]
[SourceTitle "playchess.com"]
[Source "ChessBase"]
[SourceQuality "1"]
[WhiteTeam "Iceland"]
[BlackTeam "Israel"]
[WhiteTeamCountry "ISL"]
[BlackTeamCountry "ISR"]
[TimeControl "40/5400+30:1800+30"]

1. e4 c5 2. Nf3 d6 3. d4 cxd4 4. Nxd4 Nf6 5. f3 e5 6. Nb3 Be6 7. c4 a5 8. Be3 a4 9. N3d2 Qa5 10. Na3 Nbd7 11. Be2 Be7 12. O-O O-O 13. Ndb1 Rfc8 14. Qd2 Bd8 15. Nc3 Bb6 16. Rfd1 Bc5 17. Nab5 Ne8 18. Bxc5 dxc5 19. f4 exf4 20. Qxf4 Qd8 21. e5 Qe7 22. Bf3 Nb6 23. Nd5 Nxd5 24. cxd5 Bd7 25. Nc3 b5 26. d6 Qf8 27. Bxa8 Rxa8 28. Nd5 h6 29. Ne7+ 1-0

[Event "World Senior chT-50 2019"]
[Site "Rhodes"]
[Date "2019.04.24"]
[Round "9.13"]
[White "Boensch, Uwe"]
[Black "Speelman, Jon S"]
[Result "1/2-1/2"]
[ECO "A40"]
[WhiteElo "2525"]
[BlackElo "2509"]
[Annotator "ChessBase"]
[PlyCount "32"]
[EventDate "2019.04.16"]
[EventType "team-tourn"]
[EventCountry "GRE"]
[SourceTitle "playchess.com"]
[Source "ChessBase"]
[SourceQuality "1"]
[WhiteTeam "Germany"]
[BlackTeam "England"]
[WhiteTeamCountry "GER"]
[BlackTeamCountry "ENG"]
[TimeControl "40/5400+30:1800+30"]

1. d4 e6 2. c4 b6 3. Nf3 Bb7 4. g3 Bb4+ 5. Bd2 Bxf3 6. exf3 Bxd2+ 7. Qxd2 Nf6 8. Nc3 O-O 9. Be2 c6 10. O-O d5 11. Rfd1 dxc4 12. Bxc4 Nbd7 13. Rac1 Rc8 14. b4 Nd5 15. Ne4 Qe7 16. a3 h6 1/2-1/2

[Event "World Senior chT-50 2019"]
[Site "Rhodes"]
[Date "2019.04.24"]
[Round "9.15"]
[White "Brendel, Oliver"]
[Black "Emms, John M"]
[Result "1/2-1/2"]
[ECO "A36"]
[WhiteElo "2339"]
[BlackElo "2474"]
[Annotator "ChessBase"]
[PlyCount "68"]
[EventDate "2019.04.16"]
[EventType "team-tourn"]
[EventCountry "GRE"]
[SourceTitle "playchess.com"]
[Source "ChessBase"]
[SourceQuality "1"]
[WhiteTeam "Germany"]
[BlackTeam "England"]
[WhiteTeamCountry "GER"]
[BlackTeamCountry "ENG"]
[TimeControl "40/5400+30:1800+30"]

1. c4 g6 2. g3 Bg7 3. Bg2 Nf6 4. Nc3 O-O 5. e4 c5 6. Nge2 Nc6 7. d3 a6 8. a3 d6 9. O-O Rb8 10. Rb1 b5 11. cxb5 axb5 12. b4 Ba6 13. h3 Nd7 14. Be3 Nd4 15. Qd2 Nb6 16. Bh6 Bxh6 17. Qxh6 Na4 18. f4 Nxc3 19. Nxc3 f5 20. g4 e6 21. exf5 gxf5 22. gxf5 exf5 23. Nd5 Rb7 24. Kh2 Rg7 25. Bh1 Kh8 26. Rg1 Rff7 27. bxc5 Bb7 28. cxd6 Qa5 29. Nb4 Bxh1 30. Rxg7 Rxg7 31. Qf6 Qa8 32. Nc6 Qxc6 33. Qd8+ Rg8 34. Qf6+ Rg7 1/2-1/2

[Event "World Senior chT-50 2019"]
[Site "Rhodes"]
[Date "2019.04.24"]
[Round "9.17"]
[White "Wallner, Joachim"]
[Black "Yrjola, Jouni"]
[Result "1/2-1/2"]
[ECO "A15"]
[WhiteElo "2271"]
[BlackElo "2327"]
[Annotator "NA"]
[PlyCount "20"]
[EventDate "2019.04.16"]
[EventType "team-tourn"]
[EventCountry "GRE"]
[SourceTitle "playchess.com"]
[Source "ChessBase"]
[SourceQuality "1"]
[WhiteTeam "Austria"]
[BlackTeam "Finland"]
[WhiteTeamCountry "AUT"]
[BlackTeamCountry "FIN"]
[TimeControl "40/5400+30:1800+30"]

1. b3 e5 2. Bb2 d6 3. e3 Nf6 4. c4 g6 5. d3 Bg7 6. Nf3 O-O 7. Be2 Re8 8. O-O Nbd7 9. Nc3 c6 10. Qc2 a6 1/2-1/2

[Event "World Senior chT-50 2019"]
[Site "Rhodes"]
[Date "2019.04.24"]
[Round "9.18"]
[White "Viljava, Tapani"]
[Black "Denk, Adolf"]
[Result "1/2-1/2"]
[ECO "A16"]
[WhiteElo "2159"]
[BlackElo "2255"]
[Annotator "NA"]
[PlyCount "36"]
[EventDate "2019.04.16"]
[EventType "team-tourn"]
[EventCountry "GRE"]
[SourceTitle "playchess.com"]
[Source "ChessBase"]
[SourceQuality "1"]
[WhiteTeam "Finland"]
[BlackTeam "Austria"]
[WhiteTeamCountry "FIN"]
[BlackTeamCountry "AUT"]
[TimeControl "40/5400+30:1800+30"]

1. c4 g6 2. g3 Bg7 3. Bg2 Nf6 4. Nc3 d6 5. e3 O-O 6. Nge2 c6 7. O-O Nbd7 8. Rb1 Nb6 9. b3 d5 10. cxd5 Nbxd5 11. d4 Bg4 12. Bb2 Nxc3 13. Bxc3 Qd7 14. Qc2 Bh3 15. Bxh3 Qxh3 16. Nf4 Qf5 17. Qxf5 gxf5 18. Bb4 Rfe8 1/2-1/2

[Event "World Senior chT-50 2019"]
[Site "Rhodes"]
[Date "2019.04.24"]
[Round "9.19"]
[White "Druckenthaner, Andreas"]
[Black "Salonen, Jyrki"]
[Result "1-0"]
[ECO "B06"]
[WhiteElo "2304"]
[BlackElo "2162"]
[Annotator "NA"]
[PlyCount "81"]
[EventDate "2019.04.16"]
[EventType "team-tourn"]
[EventCountry "GRE"]
[SourceTitle "playchess.com"]
[Source "ChessBase"]
[SourceQuality "1"]
[WhiteTeam "Austria"]
[BlackTeam "Finland"]
[WhiteTeamCountry "AUT"]
[BlackTeamCountry "FIN"]
[TimeControl "40/5400+30:1800+30"]

1. e4 d6 2. d4 g6 3. Nf3 c6 4. Bc4 d5 5. Bb3 Bg4 6. h3 Bxf3 7. Qxf3 e6 8. Nd2 Bg7 9. c3 Ne7 10. O-O O-O 11. Re1 Nd7 12. exd5 cxd5 13. Nf1 Nc6 14. Nh2 Qe7 15. Bxd5 exd5 16. Rxe7 Nxe7 17. Bf4 Rfe8 18. Ng4 h5 19. Ne3 Nb6 20. Bc7 Bh6 21. Bxb6 Bxe3 22. Bc5 Bh6 23. Bxe7 Rxe7 24. Qxd5 Re2 25. Qxb7 Rae8 26. Rd1 h4 27. Rf1 Bf4 28. a4 Re1 29. Qb5 R8e7 30. Qd3 R7e2 31. Qf3 g5 32. b4 Bd2 33. Rxe1 Rxe1+ 34. Kh2 Rc1 35. Qd3 Bxc3 36. Qe3 Rc2 37. Qxg5+ Kf8 38. Qf5 Rc1 39. Qc5+ Ke8 40. b5 Bd2 41. Qe5+ 1-0

[Event "World Senior chT-50 2019"]
[Site "Rhodes"]
[Date "2019.04.24"]
[Round "9.23"]
[White "Neave, George"]
[Black "Hrisanthopoulos, Dimitrios"]
[Result "1/2-1/2"]
[ECO "B48"]
[WhiteElo "2101"]
[BlackElo "1995"]
[Annotator "NA"]
[PlyCount "27"]
[EventDate "2019.04.16"]
[EventType "team-tourn"]
[EventCountry "GRE"]
[SourceTitle "playchess.com"]
[Source "ChessBase"]
[SourceQuality "1"]
[WhiteTeam "Scotland"]
[BlackTeam "Greece"]
[WhiteTeamCountry "SCO"]
[BlackTeamCountry "GRE"]
[TimeControl "40/5400+30:1800+30"]

1. e4 c5 2. Nf3 e6 3. d4 cxd4 4. Nxd4 Nc6 5. Nc3 Qc7 6. Be3 a6 7. Qd2 Nf6 8. O-O-O Be7 9. f3 b5 10. g4 O-O 11. g5 Nh5 12. Nce2 Nxd4 13. Nxd4 Bb7 14. Be2 1/2-1/2

[Event "World Senior chT-50 2019"]
[Site "Rhodes"]
[Date "2019.04.24"]
[Round "9.24"]
[White "Papadimitriou, Loukas"]
[Black "Smith, Peter R"]
[Result "0-1"]
[ECO "A59"]
[WhiteElo "1943"]
[BlackElo "2038"]
[Annotator "NA"]
[PlyCount "80"]
[EventDate "2019.04.16"]
[EventType "team-tourn"]
[EventCountry "GRE"]
[SourceTitle "playchess.com"]
[Source "ChessBase"]
[SourceQuality "1"]
[WhiteTeam "Greece"]
[BlackTeam "Scotland"]
[WhiteTeamCountry "GRE"]
[BlackTeamCountry "SCO"]
[TimeControl "40/5400+30:1800+30"]

1. d4 Nf6 2. c4 c5 3. d5 b5 4. cxb5 a6 5. bxa6 Bxa6 6. Nc3 g6 7. e4 Bxf1 8. Kxf1 d6 9. g3 Bg7 10. Kg2 O-O 11. Nf3 Nbd7 12. a4 Qa5 13. Qc2 Rfb8 14. Nb5 Qb4 15. Nc3 Ng4 16. Rd1 Nge5 17. Ne1 Nc4 18. Nd3 Qb3 19. Qe2 Nde5 20. Bg5 Nxd3 21. Rxd3 Nxb2 22. Rb1 Bxc3 23. Bxe7 Qc4 24. Re3 Qxe2 25. Rxe2 Ra6 26. f4 Re8 27. Bg5 Nxa4 28. Rb7 Nb6 29. Kf3 Bd4 30. Be7 Nc8 31. Bg5 f6 32. Bh6 Ra3+ 33. Kg4 f5+ 34. Kg5 fxe4 35. g4 Ra7 36. Rxa7 Nxa7 37. f5 gxf5 38. gxf5 Kf7 39. Kf4 Nb5 40. Ra2 e3 0-1

[Event "World Senior chT-50 2019"]
[Site "Rhodes"]
[Date "2019.04.24"]
[Round "9.26"]
[White "Ross, Paul"]
[Black "Frostick, Clive A"]
[Result "1/2-1/2"]
[ECO "E09"]
[WhiteElo "2237"]
[BlackElo "2121"]
[Annotator "NA"]
[PlyCount "74"]
[EventDate "2019.04.16"]
[EventType "team-tourn"]
[EventCountry "GRE"]
[SourceTitle "playchess.com"]
[Source "ChessBase"]
[SourceQuality "1"]
[WhiteTeam "Canada"]
[BlackTeam "England"]
[WhiteTeamCountry "CAN"]
[BlackTeamCountry "ENG"]
[TimeControl "40/5400+30:1800+30"]

1. d4 d5 2. c4 e6 3. Nf3 Nf6 4. g3 Bb4+ 5. Bd2 Be7 6. Bg2 O-O 7. O-O c6 8. Qc2 Nbd7 9. Bf4 Nh5 10. Bc1 Nhf6 11. Nbd2 b6 12. e4 dxe4 13. Nxe4 Nxe4 14. Qxe4 Bb7 15. Ne5 Rc8 16. Bf4 Nxe5 17. Bxe5 Bd6 18. Qf4 Bxe5 19. dxe5 Qe7 20. Rad1 c5 21. Rd6 Rfd8 22. Rfd1 Bxg2 23. Kxg2 h6 24. Qd2 Rxd6 25. exd6 Qb7+ 26. f3 Rd8 27. Qd3 Rd7 28. b3 Qc6 29. h4 f6 30. a3 a5 31. g4 Kf7 32. Kg3 e5 33. Rd2 Ke6 34. Qf5+ Kf7 35. Qd3 Ke6 36. Qh7 Kf7 37. Qd3 Ke6 1/2-1/2

[Event "World Senior chT-50 2019"]
[Site "Rhodes"]
[Date "2019.04.24"]
[Round "9.27"]
[White "Jackson, Sheila"]
[Black "Barron, Michael"]
[Result "1/2-1/2"]
[ECO "C77"]
[WhiteElo "2051"]
[BlackElo "2124"]
[Annotator "NA"]
[PlyCount "109"]
[EventDate "2019.04.16"]
[EventType "team-tourn"]
[EventCountry "GRE"]
[SourceTitle "playchess.com"]
[Source "ChessBase"]
[SourceQuality "1"]
[WhiteTeam "England"]
[BlackTeam "Canada"]
[WhiteTeamCountry "ENG"]
[BlackTeamCountry "CAN"]
[TimeControl "40/5400+30:1800+30"]

1. e4 e5 2. Nf3 Nc6 3. Bb5 a6 4. Ba4 Nf6 5. O-O Be7 6. d3 b5 7. Bb3 O-O 8. Nc3 d6 9. a3 h6 10. h3 Be6 11. Nd5 Bxd5 12. exd5 Nb8 13. Re1 Nbd7 14. d4 e4 15. Nd2 Nb6 16. Nxe4 Nfxd5 17. Qh5 Nf6 18. Nxf6+ Bxf6 19. c3 Bg5 20. Bxg5 Qxg5 21. Qxg5 hxg5 22. Re7 Rac8 23. Rae1 Nc4 24. R1e2 Rfd8 25. Bc2 g6 26. Bd3 Nb6 27. Be4 d5 28. Bf3 Kf8 29. R7e5 Re8 30. Rxe8+ Rxe8 31. Rxe8+ Kxe8 32. b3 Kd7 33. Kf1 a5 34. Be2 Kc6 35. Ke1 Nc8 36. Kd2 Nd6 37. Bd3 Nc8 38. f3 Nb6 39. g3 a4 40. b4 Nc8 41. Ke3 Nd6 42. h4 gxh4 43. gxh4 Kd7 44. Kf4 Ke6 45. Kg5 c6 46. Bf1 Ke7 47. Bd3 Kf8 48. h5 gxh5 49. Kxh5 Kg7 50. Kg5 f6+ 51. Kh5 Kf7 52. Kg4 Ke6 53. Kf4 Nf7 54. Bf5+ Ke7 55. Bh3 1/2-1/2

[Event "World Senior chT-50 2019"]
[Site "Rhodes"]
[Date "2019.04.24"]
[Round "9.28"]
[White "Chernik, Dmitry"]
[Black "Homer, Stephen J"]
[Result "1/2-1/2"]
[ECO "B23"]
[WhiteElo "1868"]
[BlackElo "2039"]
[Annotator "NA RC"]
[PlyCount "158"]
[EventDate "2019.04.16"]
[EventType "team-tourn"]
[EventCountry "GRE"]
[SourceTitle "playchess.com"]
[Source "ChessBase"]
[SourceQuality "1"]
[WhiteTeam "Canada"]
[BlackTeam "England"]
[WhiteTeamCountry "CAN"]
[BlackTeamCountry "ENG"]
[TimeControl "40/5400+30:1800+30"]

1. e4 c5 2. Nc3 Nc6 3. f4 g6 4. Bb5 Nd4 5. Nf3 a6 6. Bc4 {[%emt 0:01:57] B23: Closed Sicilian: Lines without g3} Bg7 7. d3 (7. Nxd4 cxd4 8. Ne2 d5 9. exd5 b5 10. Bb3 Bb7 11. O-O Qb6 12. d3 f5 13. Kh1 a5 {½-½ (32) Zeng,C (2541)-Lu,S (2570) China 2015}) 7... b5 8. Bd5 Rb8 9. Nxd4 cxd4 10. Ne2 e6 11. Bb3 Qh4+ $146 ({Predecessor:} 11... Ne7 12. O-O O-O 13. Qe1 Bb7 14. Bd2 d6 15. Ba5 Qd7 {1-0 (37) Kladiva,I (2265)-Kulcsar,M Hungary 1992}) 12. Ng3 Nh6 13. Qf3 Bb7 14. Bd2 O-O 15. O-O f5 16. Bb4 Rf7 17. h3 fxe4 18. dxe4 Nf5 19. Be1 Qe7 20. Bf2 Rbf8 21. Qd3 Nxg3 22. Bxg3 Qc5 23. Kh2 Qc6 24. Rf2 Qxe4 25. Qxe4 Bxe4 26. Re2 Bc6 27. Rae1 Rf5 28. Rd1 a5 29. a3 Bd5 30. Bxd5 Rxd5 31. Be1 Rxf4 32. Bxa5 Rdf5 33. c3 Rd5 34. Red2 Kf7 35. g3 Re4 36. Kg2 dxc3 37. Rxd5 exd5 38. bxc3 d4 39. cxd4 Rxd4 40. Re1 Ra4 41. Bb4 Bf6 42. g4 Ra6 43. g5 Bxg5 44. Re5 Bc1 45. Re7+ Kf6 46. Rxd7 Bxa3 47. Bc3+ Ke6 48. Rb7 Rc6 49. Ba5 Rc5 50. Kf3 h5 51. Rb6+ Kf5 52. Rb8 Rd5 53. Ke2 g5 54. Kf3 $2 (54. Bd2) 54... g4+ 55. hxg4+ hxg4+ 56. Kg2 Re5 57. Rb7 $2 (57. Bc3) 57... Re2+ 58. Kf1 Rb2 59. Rf7+ Ke4 60. Rg7 Kf3 61. Rf7+ Ke3 62. Rg7 Rf2+ 63. Kg1 Rf4 64. Kg2 (64. Rb7 {is the only way for White.} Rf5 65. Kg2) 64... Bc5 65. Kg3 Ra4 66. Be1 Bd6+ (66... Ke2 $142 67. Ba5 Bd6+ 68. Kg2 Rxa5) 67. Kh4 g3+ 68. Kh3 Ra3 69. Rb7 Ke2 70. Rb6 Bf4 71. Bb4 {[%emt 0:02:43] [#]} Rf3 (71... g2+ $142 $1 72. Kg4 (72. Kxg2 Rg3+) 72... g1=Q+ {[%mdl 64] Double Attack} 73. Kf5 Qg5+ 74. Ke6 Qe5+ 75. Kd7 Ra7+ 76. Rb7 Rxb7+ 77. Kc6 Qe4+ {[%mdl 64] Double Attack} 78. Kc5 Qc4#) 72. Rxb5 {[%emt 0:01:37] [#]} Kf1 $2 (72... g2+ $1 {[%mdl 512] mates} 73. Kxg2 Rg3+ 74. Kh2 Rg5+ {[%mdl 64] Discovered Attack} 75. Kh3 Rxb5 76. Kg4 Rxb4 77. Kf5 Kf3 78. Kf6 Ke4 79. Ke7 Kf5 80. Kd7 Rb6 81. Ke8 Rb7 82. Kf8 Bd6+ 83. Kg8 Kg6 84. Kh8 Rb8#) 73. Bc5 $1 g2+ 74. Kg4 $11 Rc3 75. Kxf4 Rc4+ 76. Kf3 Rc3+ 77. Kf4 Rxc5 78. Rxc5 g1=Q 79. Rc1+ Kg2 1/2-1/2

[Event "World Senior chT-50 2019"]
[Site "Rhodes"]
[Date "2019.04.24"]
[Round "9.33"]
[White "Priedite, Ingrida"]
[Black "Genta, Alejandro"]
[Result "1/2-1/2"]
[ECO "E06"]
[WhiteElo "2044"]
[BlackElo "2054"]
[Annotator "NA"]
[PlyCount "64"]
[EventDate "2019.04.16"]
[EventType "team-tourn"]
[EventCountry "GRE"]
[SourceTitle "playchess.com"]
[Source "ChessBase"]
[SourceQuality "1"]
[WhiteTeam "Latvia"]
[BlackTeam "Uruguay"]
[WhiteTeamCountry "LAT"]
[BlackTeamCountry "URU"]
[TimeControl "40/5400+30:1800+30"]

1. c4 Nf6 2. Nc3 e6 3. g3 d5 4. d4 Be7 5. Nf3 O-O 6. Bg2 dxc4 7. Qa4 a6 8. Qxc4 b5 9. Qd3 Bb7 10. Bg5 Nbd7 11. O-O c5 12. dxc5 Nxc5 13. Qxd8 Rfxd8 14. b4 h6 15. Bxf6 Bxf6 16. bxc5 Bxc3 17. Rac1 b4 18. Ne1 Bxg2 19. Kxg2 Rd2 20. Rc2 Rxc2 21. Nxc2 Rc8 22. Rb1 Rxc5 23. Kf3 Kf8 24. Ke3 Rd5 25. a3 a5 26. axb4 axb4 27. Rb3 f5 28. f4 Ke8 29. h4 e5 30. fxe5 Rxe5+ 31. Kf3 h5 32. Nxb4 Bxb4 {[%emt 0:00:28] Ke4 [%clk 00:05:40] Rxe4 [%clk 00:02:48]} 1/2-1/2

[Event "World Senior chT-50 2019"]
[Site "Rhodes"]
[Date "2019.04.24"]
[Round "9.34"]
[White "Braso, Jorge"]
[Black "Goldmane, Astra"]
[Result "1/2-1/2"]
[ECO "B28"]
[WhiteElo "2098"]
[BlackElo "2020"]
[Annotator "NA"]
[PlyCount "62"]
[EventDate "2019.04.16"]
[EventType "team-tourn"]
[EventCountry "GRE"]
[SourceTitle "playchess.com"]
[Source "ChessBase"]
[SourceQuality "1"]
[WhiteTeam "Uruguay"]
[BlackTeam "Latvia"]
[WhiteTeamCountry "URU"]
[BlackTeamCountry "LAT"]
[TimeControl "40/5400+30:1800+30"]

1. e4 c5 2. Nf3 a6 3. d4 cxd4 4. Nxd4 Nf6 5. Nc3 e5 6. Nf3 Bb4 7. Bd2 d5 8. Nxd5 Bxd2+ 9. Nxd2 Nxd5 10. exd5 Qxd5 11. Nc4 Qe4+ 12. Qe2 Qxe2+ 13. Bxe2 Nc6 14. O-O-O O-O 15. Nb6 Rb8 16. c3 Re8 17. Nxc8 Rbxc8 18. Rd7 Nd4 19. Bd1 b5 20. Kb1 Ne6 21. Bb3 Kf8 22. Re1 f6 23. Ra7 Rcd8 24. Re3 Nc5 25. Rg3 Nxb3 26. Rgxg7 Nd2+ 27. Kc2 Re6 28. Rxh7 Kg8 29. Rag7+ Kf8 30. Rf7+ Kg8 31. Ra7 Ree8 1/2-1/2